Map: Ulrena

Players

Botvinnik

  • Race: Terran Terran

Kelazhur - Winner!

  • Race: Terran Terran
  • League: Master

Event: Polygon Gaming Invitational 3

VOD

Have the link to the VOD?

Description

Time

  • Played on: June 4, 2016, 2:39 p.m.
  • Length: 5:19

All games in this series

Show
View Real Time Build Order
Export as new Build Order

Botvinnik Terran 

Build Orders: 1/1/1, Widow Mine Drop 

Get SALT Encoding   

  12  0:00  SCV  
  13  0:13  SCV  
  14  0:17  Supply Depot  
  14  0:25  SCV  
  15  0:39  SCV  
  16  0:43  Barracks  
  16  0:46  Refinery  
  16  0:50  Refinery  
  16  0:54  SCV  
  17  1:06  SCV  
  18  1:20  SCV  
  19  1:30  Marine  
  19  1:32  Factory  
  20  1:36  Orbital Command  
  20  1:48  Supply Depot  
  20  1:49  Barracks Reactor  
  20  2:02  SCV  
  21  2:15  SCV  
  22  2:16  Widow Mine  
  22  2:17  Starport  
  24  2:25  Marine x2  
  24  2:28  SCV  
  27  2:31  Supply Depot  
  27  2:40  SCV  
  28  2:45  Factory Tech Lab  
  28  2:48  Marine x2  
  30  2:52  SCV  
  30  2:54  Medivac  
  33  3:05  Marine x2  
  33  3:06  Siege Tank  
  39  3:27  Supply Depot  
  38  3:35  Command Center  
  38  3:47  Viking  
  39  3:56  Marine, Siege Tank  
  39  4:00  SCV  
  44  4:12  SCV  
  43  4:24  SCV  
  42  4:36  SCV  
  42  4:37  Marine  
  42  4:38  Siege Tank  
  40  4:48  SCV  
  25  5:00  SCV  
Show
View Real Time Build Order
Export as new Build Order

Kelazhur Terran - Winner!

Build Orders: 1/1/1, Widow Mine Drop 

Get SALT Encoding   

  12  0:00  SCV  
  13  0:13  SCV  
  14  0:17  Supply Depot  
  14  0:25  SCV  
  15  0:29  Refinery  
  15  0:39  SCV  
  16  0:45  Barracks  
  16  0:51  SCV  
  17  1:03  SCV  
  18  1:15  SCV  
  19  1:32  Factory, Orbital Command  
  19  1:33  Marine  
  20  1:44  Supply Depot  
  20  1:49  Refinery  
  20  1:51  Marine  
  21  1:58  SCV  
  22  2:08  Marine  
  22  2:10  SCV  
  24  2:16  Starport, Widow Mine  
  26  2:23  SCV  
  26  2:24  Supply Depot  
  26  2:27  Marine  
  28  2:37  SCV  
  29  2:44  Marine  
  29  2:47  Hellion  
  29  2:50  Supply Depot  
  29  2:51  SCV  
  33  2:54  Medivac  
  35  3:02  Marine  
  36  3:07  SCV  
  36  3:09  Hellion  
  39  3:16  Supply Depot  
  39  3:22  Marine  
  39  3:26  Viking  
  40  3:31  Factory Tech Lab  
  40  3:33  SCV  
  41  3:53  Cyclone  
  45  3:56  Viking  
  47  4:04  Command Center  
  47  4:06  Barracks Reactor  
  47  4:25  Siege Tank  
  50  4:42  Viking  
  50  4:58  SCV  
  50  4:59  Marine x2  
Tags
 
Add a new tag
Caveats
  • Supply blocks, unpowered buildings, or Contaminate may cause inaccurate times.
  • Supply counts are checked every 10 seconds.